 Dungeon Crawl Stone Soup version 0.20.1-1-g8b1a95d (webtiles) character file.

2565 karf the Basher (level 9, -3/57 HPs)
             Began as a Gargoyle Fighter on Oct 28, 2017.
             Was a Priest of the Shining One.
             Slain by a gnoll
             ... wielding a +0 halberd
              (5 damage)
             ... on level 8 of the Dungeon.
             The game lasted 00:18:47 (7012 turns).

karf the Basher (Gargoyle Fighter)                  Turns: 7012, Time: 00:18:47

Health: -3/57      AC: 14    Str: 18 (20) XL:     9   Next: 57%
Magic:  8/8        EV:  8    Int: 12 (14) God:    the Shining One [***...]
Gold:   419        SH: 11    Dex: 16 (19) Spells: 8/8 levels left

rFire    x . .     SeeInvis .   F - +1 flail (holy)
rCold    + . .     Gourm    .   c - +0 shield
rNeg     + + .     Faith    .   b - +0 scale mail
rPois    ∞         Spirit   .   t - +0 helmet
rElec    +         Reflect  .   (no cloak)
rCorr    .         Harm     .   (no gloves)
MR       .....                  (no boots)
Stlth    +.........             (no amulet)
Regen    0.2/turn               x - ring of ice
MPRegen  0.2/turn               B - +5 ring of dexterity

@: brilliant, glowing
A: thin skeletal structure 1, low mp 1, negative energy resistance 1,
electricity resistance, unbreathing, petrification resistance, rot immunity, AC
+5
a: Divine Shield, Renounce Religion


You were on level 8 of the Dungeon.
You worshipped the Shining One.
The Shining One was most pleased with you.
You were not hungry.

You visited 1 branch of the dungeon, and saw 9 of its levels.

You collected 419 gold pieces.

Inventory:

Hand Weapons
 a - a +1 flail
 F - a +1 flail of holy wrath (weapon)
Armour
 b - a +0 scale mail (worn)
 c - a +0 shield (worn)
 t - a +0 helmet (worn)
Jewellery
 x - a ring of ice (left hand)
 z - an uncursed amulet of rage {unknown}
 B - a +5 ring of dexterity (right hand)
 H - a +4 ring of protection {unknown}
 L - an uncursed ring of poison resistance {unknown}
Wands
 G - a wand of enslavement (16/24)
 N - a wand of acid (12/15)
 P - a wand of lightning (5/15)
Scrolls
 e - 2 scrolls of enchant weapon
 i - 4 scrolls of teleportation {unknown}
 l - 6 scrolls of remove curse {unknown}
 m - 3 scrolls of amnesia {unknown}
 q - a scroll of noise {unknown}
 s - a scroll of enchant armour {unknown}
 v - a scroll of magic mapping {unknown}
 w - 5 scrolls of identify {unknown}
 y - a scroll of immolation {unknown}
 K - a scroll of fog {unknown}
 R - a scroll of fear {unknown}
 S - a scroll of blinking {unknown}
Potions
 d - 2 potions of might
 h - a potion of experience {unknown}
 j - a potion of magic {unknown}
 k - 2 potions of agility {unknown}
 n - a potion of heal wounds {unknown}
 o - 2 potions of curing {unknown}
 r - a potion of mutation
 u - a potion of haste {unknown}
 A - a potion of flight {unknown}
 D - a potion of brilliance
 J - 2 potions of invisibility
 M - a potion of degeneration
 O - a potion of lignification {unknown}
Books
 E - a book of Minor Magic

   Spells                             Type                      Level
   a - Magic Dart                     Conjuration                  1
   b - Blink                          Translocation                2
   c - Call Imp                       Summoning                    2
   d - Slow                           Hexes                        2
   e - Conjure Flame                  Conjuration/Fire             3
   f - Mephitic Cloud                 Conjuration/Poison/Air       3
 I - a book of Conjurations

   Spells                             Type                      Level
   a - Magic Dart                     Conjuration                  1
   b - Searing Ray                    Conjuration                  2
   c - Dazzling Spray                 Conjuration/Hexes            3
   d - Fulminant Prism                Conjuration/Hexes            4
   e - Force Lance                    Conjuration/Translocation    4
   f - Iskenderun's Mystic Blast      Conjuration                  4
Comestibles
 f - 4 bread rations
 g - 2 royal jellies
 p - 3 meat rations
 C - 8 fruits


   Skills:
 + Level 7.1 Fighting
 * Level 8.3 Maces & Flails
 + Level 6.7 Armour
 + Level 7.2 Shields


You had 8 spell levels left.
You didn't know any spells.

Dungeon Overview and Level Annotations

Branches:
Dungeon (9/15)             Temple (0/1) D:6            Lair (0/6) D:8
    Orc: D:9-12

Altars:
Cheibriados
Dithmenos
Elyvilon
Fedhas
Hepliaklqana
Kikubaaqudgha
Makhleb
Nemelex Xobeh
Okawaru
Ru
Sif Muna
Trog
Uskayaw
Vehumet
The Shining One

Annotations:
D:8 Psyche


Innate Abilities, Weirdness & Mutations

You are resistant to torment.
Your stone body is resilient. (AC +5)
You are immune to poison.
You resist negative energy. (rN+)
You are resistant to electric shocks. (rElec)
You can survive without breathing.
You are immune to petrification.
You are immune to rotting.
You have a somewhat thin skeletal structure. (Dex +2, Stealth)
Your magical capacity is low. (-10% MP)


Message History

* * * LOW HITPOINT WARNING * * *
The centaur unwields an uncursed shortbow.
You block the centaur's attack.
Okay, then.
It was a potion of mutation.
You feel extremely strange.
Your thoughts seem clearer.
You feel less energetic.
Your thinking seems confused.
Your bones become slightly less dense.
You block the hell hound's attack. You block the centaur's attack.
The hell hound closely misses you.
The centaur hits you but does no damage.
Okay, then.
It was a potion of brilliance.
You feel clever all of a sudden. You block the hell hound's attack.
You block the centaur's attack. You block the hell hound's attack.
It was a potion of degeneration.
There was something very wrong with that liquid.
You feel weakened.
You feel dopey.
You feel clumsy.
The gnoll hits you from afar with a halberd.
You die...

#.......... #.............
##.......###...##
##.......####....... .....
.................... ....
##.........###..##.g ...##
.#........## #.##.# #....##
.........## #..#.# .......
..........# #@#.##..§≈§?.
##.......(#### #h#.c..≈.§≈≈≈
.###...##....###cgh#(.≈≈.≈≈§
.<.#...####...####.(..≈≈.>.≈
.#.......###.......#...§≈.≈≈
.#..#>.#.####..........≈≈≈≈≈
))......................≈≈.≈.
.#..####...####.#####........
†)...###.[..# #..# #......


You could see a hell hound, a centaur and a gnoll.

Vanquished Creatures
  Joseph (D:7)
  Sigmund (D:3)
  An ice beast (D:5)
  2 ogres
  A necrophage (D:7)
  2 centaurs (D:6)
  2 bullfrogs
  3 scorpions
  A howler monkey (D:6)
  4 crimson imps
  A centaur zombie (D:6)
  A hound (D:4)
  8 orc wizards
  4 orc priests
  A bullfrog skeleton (D:6)
  An iguana (D:4)
  Natasha (thrice) (D:4)
  7 worker ants
  A hound zombie (D:5)
  A hound skeleton (D:4)
  A worker ant zombie (D:8)
  Robin (D:3)
  3 gnolls (D:7)
  A howler monkey skeleton (D:4)
  17 adders
  2 shadow imps
  An ooze (D:6)
  An adder skeleton (D:5)
  9 worms
  3 dart slugs
  4 leopard geckos
  14 orcs
  13 bats
  A bat zombie (D:4)
  8 giant cockroaches
  21 goblins
  10 hobgoblins
  3 jackals (D:2)
  7 kobolds
  4 quokkas
  4 ball pythons
  5 frilled lizards
  A quokka zombie (D:7)
  5 rats
  2 rat zombies (D:4)
187 creatures vanquished.

Notes
Turn   | Place    | Note
-------+----------+-------------------------------------------
     0 | D:1      | karf the Gargoyle Fighter began the quest for the Orb.
     0 | D:1      | Reached XP level 1. HP: 14/14 MP: 1/1
    95 | D:1      | Reached XP level 2. HP: 19/19 MP: 2/2
   409 | D:1      | Reached XP level 3. HP: 17/23 MP: 3/3
   648 | D:2      | Found a glowing golden altar of the Shining One.
   650 | D:2      | Found a shadowy altar of Dithmenos.
   658 | D:2      | Became a worshipper of the Shining One
   961 | D:2      | Reached XP level 4. HP: 22/29 MP: 4/4
   964 | D:2      | Reached skill level 3 in Maces & Flails
  1090 | D:2      | Found a deep blue altar of Sif Muna.
  1257 | D:2      | Found a hide-covered altar of Uskayaw.
  1257 | D:2      | Found a burning altar of Makhleb.
  1257 | D:2      | Found a snail-covered altar of Cheibriados.
  1950 | D:3      | Reached XP level 5. HP: 33/33 MP: 5/5
  1985 | D:3      | Noticed Robin
  2014 | D:3      | Killed Robin
  2119 | D:3      | Noticed Sigmund
  2130 | D:3      | Killed Sigmund
  2130 | D:3      | Reached skill level 4 in Maces & Flails
  2130 | D:3      | Reached XP level 6. HP: 25/39 MP: 6/6
  2503 | D:4      | Noticed Natasha
  2517 | D:4      | Killed Natasha
  2602 | D:4      | Noticed Natasha
  2759 | D:4      | Reached * piety under the Shining One
  2764 | D:4      | Killed Natasha
  2891 | D:4      | Reached XP level 7. HP: 39/44 MP: 7/7
  2946 | D:4      | Noticed Natasha
  2954 | D:4      | Killed Natasha
  2954 | D:4      | Reached skill level 5 in Fighting
  2982 | D:4      | Found an ancient bone altar of Kikubaaqudgha.
  3057 | D:4      | Reached skill level 5 in Shields
  3136 | D:4      | Reached skill level 5 in Maces & Flails
  3159 | D:4      | Found a sacrificial altar of Ru.
  3430 | D:5      | Entered Level 5 of the Dungeon
  3478 | D:5      | Reached ** piety under the Shining One
  3711 | D:5      | Reached skill level 5 in Armour
  3731 | D:5      | Found a blossoming altar of Fedhas.
  3765 | D:5      | Found a radiant altar of Vehumet.
  3818 | D:5      | Found a bloodstained altar of Trog.
  3872 | D:5      | Reached XP level 8. HP: 50/50 MP: 8/8
  3906 | D:5      | Found a sacrificial altar of Ru.
  3976 | D:5      | Found an iron altar of Okawaru.
  4049 | D:5      | Reached skill level 6 in Maces & Flails
  4114 | D:6      | Noticed a skeletal warrior
  4115 | D:6      | Found a hazy altar of Hepliaklqana.
  4117 | D:6      | Noticed a komodo dragon
  4140 | D:6      | Found a transporter.
  4364 | D:6      | Found a sparkling altar of Nemelex Xobeh.
  4610 | D:6      | Found a staircase to the Ecumenical Temple.
  4777 | D:6      | You fall through a shaft for 3 floors!
  4831 | D:7      | Reached skill level 7 in Maces & Flails
  4834 | D:7      | Noticed Joseph
  4869 | D:7      | Killed Joseph
  4869 | D:7      | Reached XP level 9. HP: 10/56 MP: 9/9
  5325 | D:6      | Found a transporter.
  6084 | D:7      | Reached skill level 8 in Maces & Flails
  6130 | D:7      | Reached *** piety under the Shining One
  6705 | D:8      | Noticed Psyche
  6835 | D:8      | Found a white marble altar of Elyvilon.
  6993 | D:8      | Found a staircase to the Lair.
  7008 | D:8      | HP: 1/57 [hell hound (3)]
  7009 | D:8      | Gained mutation: You possess an exceptional clarity of mind. [potion of mutation]
  7009 | D:8      | Gained mutation: Your magical capacity is low. (-10% MP) [potion of mutation]
  7009 | D:8      | Lost mutation: You possess an exceptional clarity of mind. [potion of mutation]
  7009 | D:8      | Gained mutation: You have a somewhat thin skeletal structure. (Dex +2, Stealth) [potion of mutation]
  7012 | D:8      | Slain by a gnoll

Skill      XL: |  1  2  3  4  5  6  7  8  9 |
---------------+----------------------------+-----
Maces & Flails | 3 4 5 7 8 |  8.3
Fighting       | 4 5 6 7 |  7.1
Shields        | 4 5 6 7 |  7.2
Armour         | 4 5 6 |  6.7

Action                   |  1- 3 |  4- 6 |  7- 9 || total
-------------------------+-------+-------+-------++-------
Melee: Flail             |   165 |   177 |   389 ||   731
Invok: Divine Shield     |       |       |     1 ||     1
  Use: Potion            |       |     1 |     4 ||     5
       Scroll            |       |     1 |       ||     1
  Eat: Chunk             |     1 |     6 |    12 ||    19
       Fruit             |       |       |     2 ||     2
Armor: Scale mail        |   170 |    93 |   260 ||   523
Dodge: Dodged            |    87 |    46 |   140 ||   273
Block: Shield            |   131 |    91 |   266 ||   488
